 Dungeon Sprint DCSS version 0.16-a0-3926-g4728e1c (webtiles) character file.

3126 BluebellGnoll the Warrior (level 9, -16/97 HPs)
             Began as a Minotaur Gladiator on Feb 5, 2015.
             Was an Elder of Okawaru.
             Demolished by a komodo dragon (28 damage)
             ... in the Dungeon (Sprint IX: "|||||||||||||||||||||||||||||").
             The game lasted 00:04:38 (1175 turns).

BluebellGnoll the Warrior (Minotaur Gladiator)      Turns: 1175, Time: 00:04:38

Health: -16/97     AC: 11    Str: 24    XL:     9   Next: 61%
Magic:  22/22      EV: 13    Int:  5    God:    Okawaru [****..]
Gold:   0          SH:  0    Dex: 10    Spells: 0 memorised, 8 levels left

rFire  . . .     SeeInvis .     w - +9 falchion of Got Usu {slice, MR+}
rCold  . . .     Clarity  .     p - +1 scale mail
rNeg   . . .     SustAb   .     (no shield)
rPois  .         Gourm    .     c - +0 hat
rElec  .         Spirit   .     (no cloak)
rCorr  .         Warding  .     a - +0 pair of gloves
rMut   .         NoTele   +     o - +0 pair of boots
MR     +....                    (no amulet)
Stlth  ..........               (no ring)
                                r - +2 ring of evasion

@: lethally poisoned (-16 -> -17), somewhat resistant to hostile enchantments,
extremely unstealthy
A: retaliatory headbutt, horns 2
a: Heroism, Renounce Religion


You were in the Dungeon.
You worshipped Okawaru.
Okawaru was greatly pleased with you.
You were not hungry.

You visited 1 branch

Inventory:

Hand weapons
 w - the +9 falchion of Got Usu (weapon) {slice, MR+}
   (You found it in the Dungeon)

   It inflicts extra damage upon your enemies.
   It affects your resistance to hostile enchantments.
Missiles
 d - 2 throwing nets (quivered)
Armour
 a - a +0 pair of gloves (worn)
 c - a +0 hat (worn)
 o - a +0 pair of boots (worn)
 p - a +1 scale mail (worn)
Jewellery
 q - a +3 ring of intelligence
 r - a +2 ring of evasion (left hand)
Magical devices
 m - a wand of draining (4)
Scrolls
 j - 3 scrolls of remove curse
 k - 3 scrolls of blinking
 l - 2 scrolls of amnesia
 n - 2 scrolls of enchant armour
 u - a scroll of identify
 x - 3 scrolls of fear
 y - a scroll of recharging
 z - a scroll of fog
Potions
 e - 9 potions of curing
 g - 4 potions of heal wounds
 h - a potion of invisibility
 i - 4 potions of magic
 s - a potion of cure mutation
 t - a potion of berserk rage
Comestibles
 b - 2 chunks of flesh
 f - a bread ration
 v - a slice of pizza


   Skills:
 - Level 15.4 Fighting
 * Level 9.0 Long Blades
 - Level 2.0 Throwing
 * Level 5.7 Armour
 - Level 3.2 Dodging
 - Level 15.1 Evocations


You had 8 spell levels left.
You didn't know any spells.

Dungeon Overview and Level Annotations

Branches:
Dungeon (1/1)

Altars:
Cheibriados
Dithmenos
Elyvilon
Fedhas
Gozag
Kikubaaqudgha
Makhleb
Nemelex Xobeh
Okawaru
Qazlal
Ru
Sif Muna
Trog
Vehumet
Xom
Yredelemnul
Zin
The Shining One
Beogh
Jiyva
Lugonu


Innate Abilities, Weirdness & Mutations

You reflexively headbutt those who attack you in melee.
You have a pair of horns on your head.


Message History

You headbutt the boring beetle!
The boring beetle is severely wounded.
You hit the boring beetle but do no damage.
You headbutt the boring beetle, but do no damage.
The boring beetle is severely wounded.
You feel sick. The boring beetle bites you!!
You slash the boring beetle!
You kill the boring beetle!
Okawaru accepts your kill.
Your Long Blades skill increases to level 9!
You hit the komodo dragon. You headbutt the komodo dragon!
The komodo dragon is heavily wounded.
The komodo dragon bites you!!
* * * LOW HITPOINT WARNING * * *
You hit the komodo dragon. Your headbutt misses the komodo dragon.
The komodo dragon is heavily wounded.
You slash the komodo dragon!
The komodo dragon is almost dead.
The komodo dragon bites you!!
You die...

▓▓▓▓▓▓▓▓▓▓▓▓▓▓▓▓▓▓▓▓▓▓▓▓▓
.tr.HFrl@......†.†'.....)
▓▓▓▓▓▓▓▓▓▓▓▓▓▓▓▓▓▓▓▓▓▓▓▓▓▓▓▓▓▓▓▓▓
.................................
▓▓▓▓▓▓▓▓▓▓▓▓▓▓▓▓▓▓▓▓▓▓▓▓▓▓▓▓▓▓▓▓▓
....)|..'_____________________'..
▓▓▓▓▓▓▓▓▓▓▓▓▓▓▓▓▓▓▓▓▓▓▓▓▓▓▓▓▓▓▓▓▓


You could see a griffon, a fire crab, a komodo dragon, a spiny frog, a porcupine
and a river rat.

Vanquished Creatures
  2 centaur warriors (D)
  An ugly thing (D)
  A black mamba (D)
  A trapdoor spider (D)
  A hippogriff (D)
  A porcupine (D)
  3 ice beasts (D)
  A black bear (D)
  A boring beetle (D)
  2 giant frogs (D)
  A hound (D)
  An iguana (D)
  A sheep (D)
  A worker ant (D)
  A gnoll (D)
  3 river rats (D)
  2 adders (D)
  An ooze (D)
  A bat (D)
  3 hobgoblins (D)
  2 kobolds (D)
  A quokka (D)
  A giant cockroach zombie (D)
  A giant newt (D)
34 creatures vanquished.

Vanquished Creatures (others)
  A spatial maelstrom (D)
1 creature vanquished.

Grand Total: 35 creatures vanquished

Notes
Turn   | Place    | Note
--------------------------------------------------------------
     0 | D        | BluebellGnoll, the Minotaur Gladiator, began the quest for the Orb.
     0 | D        | Reached XP level 1. HP: 18/18 MP: 1/1
     1 | D        | Banished a spatial maelstrom
     7 | D        | Reached skill level 4 in Long Blades
    12 | D        | Reached skill level 5 in Long Blades
   249 | D        | Reached XP level 2. HP: 1/28 MP: 1/1
   252 | D        | Reached skill level 5 in Fighting
   259 | D        | Found a glowing silver altar of Zin.
   259 | D        | Found a glowing golden altar of the Shining One.
   259 | D        | Found an ancient bone altar of Kikubaaqudgha.
   259 | D        | Found a basalt altar of Yredelemnul.
   259 | D        | Found a shimmering altar of Xom.
   259 | D        | Found a radiant altar of Vehumet.
   259 | D        | Found an iron altar of Okawaru.
   260 | D        | Found a burning altar of Makhleb.
   261 | D        | Found a deep blue altar of Sif Muna.
   262 | D        | Found a bloodstained altar of Trog.
   263 | D        | Found a sparkling altar of Nemelex Xobeh.
   264 | D        | Found a white marble altar of Elyvilon.
   265 | D        | Found a roughly hewn altar of Beogh.
   266 | D        | Found a viscous altar of Jiyva.
   267 | D        | Found a corrupted altar of Lugonu.
   268 | D        | Became a worshipper of Warmaster Okawaru
   269 | D        | Found a blossoming altar of Fedhas.
   270 | D        | Found a snail-covered altar of Cheibriados.
   271 | D        | Found a shadowy altar of Dithmenos.
   272 | D        | Found a stormy altar of Qazlal.
   273 | D        | Found an opulent altar of Gozag.
   274 | D        | Found a sacrificial altar of Ru.
   561 | D        | Noticed a hound
   561 | D        | Noticed a worker ant
   561 | D        | Noticed a hippogriff
   561 | D        | Noticed a black bear
   561 | D        | Noticed an ice beast
   562 | D        | Killed a worker ant
   562 | D        | Reached skill level 7 in Fighting
   562 | D        | Reached XP level 3. HP: 33/39 MP: 2/2
   565 | D        | Killed an ice beast
   565 | D        | Acquired Okawaru's first power
   565 | D        | Reached skill level 11 in Fighting
   565 | D        | Reached XP level 4. HP: 38/55 MP: 2/2
   565 | D        | Reached XP level 5. HP: 42/61 MP: 2/2
   570 | D        | Killed a black bear
   570 | D        | Reached skill level 13 in Fighting
   572 | D        | Killed a hippogriff
   572 | D        | Reached skill level 15 in Fighting
   572 | D        | Reached XP level 6. HP: 34/77 MP: 3/3
   577 | D        | Killed a hound
   774 | D        | Noticed a cyan ugly thing
   774 | D        | Noticed an ice beast
   774 | D        | Noticed a centaur warrior
   774 | D        | Noticed an ice beast
   774 | D        | Noticed a centaur warrior
   774 | D        | Noticed a trapdoor spider
   780 | D        | Killed a trapdoor spider
   780 | D        | Reached skill level 5 in Evocations
   780 | D        | Reached XP level 7. HP: 34/83 MP: 1/9
   784 | D        | Killed an ice beast
   789 | D        | Killed a centaur warrior
   789 | D        | Reached XP level 8. HP: 31/91 MP: 2/18
   791 | D        | Killed a centaur warrior
   792 | D        | Killed an ice beast
   792 | D        | Reached XP level 9. HP: 19/97 MP: 2/22
   796 | D        | Killed a cyan ugly thing
   796 | D        | Reached skill level 15 in Evocations
   910 | D        | Got the +9 falchion of Got Usu {slice, MR+}
  1122 | D        | Noticed a giant frog
  1122 | D        | Noticed a porcupine
  1122 | D        | Noticed an iguana
  1122 | D        | Noticed a giant frog
  1125 | D        | Killed a giant frog
  1125 | D        | Reached skill level 1 in Armour
  1126 | D        | Killed an iguana
  1130 | D        | Killed a porcupine
  1132 | D        | Noticed a black mamba
  1135 | D        | Killed a giant frog
  1147 | D        | Killed a black mamba
  1147 | D        | Reached skill level 5 in Armour
  1163 | D        | Noticed a griffon
  1163 | D        | Noticed a spiny frog
  1163 | D        | Noticed a komodo dragon
  1163 | D        | Noticed a boring beetle
  1165 | D        | Noticed a porcupine
  1170 | D        | Noticed a fire crab
  1172 | D        | Killed a boring beetle
  1175 | D        | Demolished by a komodo dragon

Action                   |  1- 3 |  4- 6 |  7- 9 || total
-------------------------+-------+-------+-------++-------
Melee: Long sword        |    25 |       |       ||    25
       Scimitar          |     3 |    14 |    12 ||    29
       Falchion          |       |       |    33 ||    33
Throw: Throwing net      |       |     1 |       ||     1
Invok: Heroism           |       |     1 |     1 ||     2
Evoke: Wand              |     1 |     1 |     1 ||     3
  Use: Potion            |     2 |       |     1 ||     3
  Eat: Chunk             |       |     1 |     1 ||     2
